 Dungeon Crawl Stone Soup version 0.28-a0-1447-ga5a8893891 (webtiles) character file.

Game seed: 13607436200850283960

58 riojii the Chopper (level 4, -1/38 HPs)
             Began as a Hill Orc Warper on Jan 11, 2022.
             Slain by a sky beast (6 damage)
             ... on level 3 of the Dungeon.
             The game lasted 00:03:48 (2670 turns).

riojii the Chopper (Hill Orc Warper)                Turns: 2670, Time: 00:03:49

Health: -1/38      AC:  5    Str: 15    XL:     4   Next: 1%
Magic:  6/6        EV: 10    Int: 13    God:
Gold:   114        SH:  0    Dex: 10    Spells: 6/6 levels left

rFire   . . .      SeeInvis .   a - +1 hand axe (elec)
rCold   . . .      Faith    .   (no shield)
rNeg    . . .      Spirit   .   o - +0 ring mail
rPois   .          Reflect  .   (no helmet)
rElec   .          Harm     .   (no cloak)
rCorr   .          Rampage  .   (no gloves)
Will    .....                   (no boots)
Stlth   ..........              e - amulet of the acrobat
HPRegen 0.12/turn               (no ring)
MPRegen 0.10/turn               (no ring)

@: no status effects
A: no striking features
a: no special abilities


You were on level 3 of the Dungeon.
You visited 1 branch of the dungeon, and saw 3 of its levels.

You collected 114 gold pieces.

Inventory:

Hand Weapons
 a - a +1 hand axe of electrocution (weapon)
 k - a +4 dagger
 n - the +8 hunting sling of Forgiveness {vorpal, +Blink Will+ Int+6}
   (You found it on level 2 of the Dungeon)

   Any ammunition fired from it inflicts extra damage upon your enemies.
   Int:       It affects your intelligence (+6).
   +Blink:    It lets you blink.
   Will:      It increases your willpower.
Missiles
 d - 5 boomerangs of dispersal (quivered)
Armour
 o - a +0 ring mail (worn)
Jewellery
 e - an amulet of the acrobat (around neck)
Scrolls
 f - a scroll of identify
 h - a scroll of enchant weapon
 i - a scroll of enchant armour
Potions
 b - a potion of curing
 g - a potion of might
 l - a potion of cancellation


   Skills:
 + Level 3.1 Fighting
 * Level 4.1 Axes
 - Level 0.8 Throwing
 + Level 1.9 Armour
 - Level 1.5 Dodging
 - Level 1.5 Spellcasting
 + Level 2.7 Translocations


You had 6 spell levels left.
You didn't know any spells.
Your spell library contained the following spells:

 Spells                   Type           Power      Damage    Failure   Level
 Blink                    Tloc           16%        N/A       24%         2
 Gell's Gravitas          Tloc           8%         N/A       43%         3
 Lesser Beckoning         Tloc           8%         N/A       43%         3
 Teleport Other           Tloc           8%         N/A       43%         3
 Manifold Assault         Tloc           8%         N/A       99%         5


Dungeon Overview and Level Annotations

Branches:
Dungeon (3/15)

Altars:

Shops:
D:2 ?


Message History

A sky beast appears from thin air!
Reactivating autopickup.
You climb upwards.
There is a stone staircase leading down here.
You start resting.
HP restored.
You climb downwards.
The sky beast flickers out of sight!
Deactivating autopickup; reactivate with Ctrl-A.
A sky beast appears from thin air!
Reactivating autopickup.
There is a stone staircase leading up here.
You slash the sky beast! Your punch misses the sky beast.
The sky beast is moderately wounded.
The sky beast hits you. The sky beast shocks you.
You closely miss the sky beast.
The sky beast is moderately wounded.
The sky beast hits you but does no damage.
You barely miss the sky beast.
The sky beast is moderately wounded.
The sky beast closely misses you.
You hit the sky beast.
The sky beast is moderately wounded.
The sky beast completely misses you.
You barely miss the sky beast.
The sky beast is moderately wounded.
The sky beast hits you. The sky beast shocks you.
You closely miss the sky beast.
The sky beast is moderately wounded.
The sky beast flickers out of sight!
Deactivating autopickup; reactivate with Ctrl-A.
Something hits you but does no damage.
You barely miss something. Something hits you. Something shocks you.
You hit something. Something hits you. Something shocks you.
* * * LOW HITPOINT WARNING * * *
You hit something. Something hits you but does no damage.
There is a stone staircase leading up here.
Something hits you.
* * * LOW HITPOINT WARNING * * *
Something shocks you.
You die...

♣.♣♣##########
........)>...#######
♣.♣♣########@.......
#########


There were no monsters in sight!

Vanquished Creatures
  A worm (D:2)
  3 ball pythons (D:1)
  5 bats
  4 endoplasms
  5 giant cockroaches
  2 goblins
  2 hobgoblins (D:1)
  12 jackals
  2 quokkas (D:2)
  2 frilled lizards
  4 kobolds
  6 rats
48 creatures vanquished.

Vanquished Creatures (others)
  10 toadstools (D:3)
10 creatures vanquished.

Grand Total: 58 creatures vanquished

Notes
Turn   | Place    | Note
-------+----------+-------------------------------------------
     0 | D:1      | riojii the Hill Orc Warper began the quest for the Orb.
     0 | D:1      | Reached XP level 1. HP: 18/18 MP: 3/3
   319 | D:1      | Reached skill level 3 in Axes
   410 | D:1      | Reached XP level 2. HP: 25/25 MP: 4/4
   877 | D:1      | Reached XP level 3. HP: 19/30 MP: 5/5
  1160 | D:1      | Found a faded altar of an unknown god.
  1661 | D:2      | Reached skill level 4 in Axes
  1789 | D:2      | Found Iseyzeut's Magic Scroll Shop.
  1847 | D:2      | Identified the +8 hunting sling of Forgiveness {vorpal,
                  | +Blink Will+ Int+6}
  2042 | D:2      | Reached XP level 4. HP: 32/38 MP: 6/6
  2423 | D:3      | Noticed a sky beast
  2670 | D:3      | Slain by a sky beast

Illustrated notes

Levels and vault maps discovered:
D:1:      amcnicky_arrival_flooded_fountain, layout_loops_ring,
          hellmonk_ecumenical_altar_dog_temple, fountainhead,
          chequers_serial_rivers_large_b
D:2:      layout_rooms, serial_shops, nicolae_lakefront_shop
D:3:      cheibrodos_fertilizer, layout_rooms, dancing_weapons_uskayaw,
          minmay_misc_feat_diagonals, minmay_tree_intersection,
          kennysheep_generic_room_6

Skill      XL: |  1  2  3 |
---------------+----------+-----
Axes           | 3 4 |  4.1
Fighting       | 3 |  3.1
Throwing       | |  0.8
Armour         | |  1.9
Dodging        | |  1.5
Spellcasting   | |  1.5
Translocations | |  2.7

Action                   |  1- 3 |  4- 6 || total
-------------------------+-------+-------++-------
Melee: Hand axe          |   162 |    25 ||   187
  Use: Scroll            |       |     9 ||     9
Armor: Leather armour    |    42 |       ||    42
       Ring mail         |     5 |    16 ||    21
Dodge: Dodged            |   109 |     7 ||   116

Table legend: (Time is in decaauts)
 A = Elapsed time spent in this place.
 B = Non-inter-level travel time spent in this place.
 C = Inter-level travel time spent in this place.
 D = Time resting spent in this place.
 E = Time spent auto-exploring this place.
 F = Levels seen in this place.
 G = Mean time per level.
                   A        B        C        D        E       F      G
               +--------+--------+--------+--------+--------+-----+--------+
         Total |   2723 |   2692 |     31 |    348 |   1966 |   3 |  907.7 |
       Dungeon |   2723 |   2692 |     31 |    348 |   1966 |   3 |  907.7 |
               +--------+--------+--------+--------+--------+-----+--------+

Top non-repeatable levels by time:
     D:1: 1448 daAuts
     D:2: 1235 daAuts
     D:3: 39 daAuts
